 Dungeon Crawl Stone Soup version 0.14-a0-882-gdff4d47 (webtiles) character file.

319 PolkaDot the Ruinous (level 5, -6/33 HPs)
             Began as a Vampire Wizard on Nov 17, 2013.
             Was an Initiate of Vehumet.
             Killed from afar by omil's ghost (7 damage)
             ... with a sting
             ... on Level 3 of the Dungeon.
             The game lasted 00:11:05 (2538 turns).

PolkaDot the Ruinous (Vampire Wizard)               Turns: 2538, Time: 00:11:06

HP  -6/33        AC  6     Str  9      XL: 5   Next: 23%
MP   2/13        EV 18     Int 21      God: Vehumet [......]
Gold 151         SH  0     Dex 17      Spells:  3 memorised,  3 levels left

Res.Fire  : . . .   See Invis. : +   i - +3,+1 elf short sword
Res.Cold  : . . .   Warding    : .   a - +0 robe
Life Prot.: . . .   Conserve   : .   (no shield)
Res.Poison: .       Res.Corr.  : .   s - +2 wizard hat
Res.Elec. : .       Clarity    : .   (no cloak)
Sust.Abil.: . .     Spirit.Shd : .   q - +0 pair of gauntlets
Res.Mut.  : .       Rnd.Telep. : +   b - +0 pair of boots
Res.Rott. : .       Flight     : .   (no amulet)
Saprovore : . . .                    o - +3 ring of strength
                                     d - cursed ring of teleportation

@: regenerating quickly, agile, very poisoned, very slightly contaminated,
slightly resistant to hostile enchantments, quite stealthy
A: fangs 3, see invisible, unbreathing
a: Renounce Religion, Evoke Teleportation


You were on level 3 of the Dungeon.
You worshipped Vehumet.
Vehumet was noncommittal.
You were full.

You visited 2 branches of the dungeon, and saw 5 of its levels.

You collected 151 gold pieces.

Inventory:

Hand weapons
 i - a +3,+1 elven short sword (weapon)
Armour
 a - a +0 robe (worn)
 b - a +0 pair of boots (worn)
 q - a +0 pair of gauntlets (worn)
 s - a +2 wizard hat (worn)
Scrolls
 e - 2 scrolls of enchant weapon II
 f - a scroll of identify
 j - a scroll of enchant armour
 m - a scroll of teleportation {unknown}
 r - a scroll of fear
Jewellery
 d - a cursed ring of teleportation (left hand)
 h - an uncursed ring of poison resistance {unknown}
 o - a +3 ring of strength (right hand)
 t - a cursed ring of hunger {unknown}
Potions
 k - a potion of degeneration
 l - a potion of brilliance
 n - a potion of slowing
Books
 c - a book of Minor Magic

   Spells                             Type                      Level
   *Magic Dart                        Conjuration                  1
   Blink                              Translocation                2
   Call Imp                           Summoning                    2
   Repel Missiles                     Charms/Air                   2
   Slow                               Hexes                        2
   *Conjure Flame                     Conjuration/Fire             3
   *Mephitic Cloud                    Conjuration/Poison/Air       3
 v - a book of Envenomations

   Spells                             Type                      Level
   Spider Form                        Transmutation/Poison         3
   Poison Weapon                      Charms/Poison                3
   Summon Scorpions                   Summoning/Poison             4
   Olgreb's Toxic Radiance            Poison                       4
   Poisonous Cloud                    Conjuration/Poison/Air       6


   Skills:
 - Level 2.1 Dodging
 - Level 3.0 Stealth
 - Level 3.0 Spellcasting
 * Level 3.9 Conjurations
   Level 1.0 Summonings
   Level 0.7 Translocations


You had 3 spell levels left.
You knew the following spells:

 Your Spells              Type           Power        Failure   Level  Hunger
a - Magic Dart            Conj           ###.         2%          1    None
d - Mephitic Cloud        Conj/Pois/Air  #.......     24%         3    ###....
s - Conjure Flame         Conj/Fire      ##......     21%         3    ###....


Dungeon Overview and Level Annotations

Branches:
Dungeon (4/16)             Temple (1/1) D:4

Altars:
Ashenzari
Cheibriados
Elyvilon
Kikubaaqudgha
Nemelex Xobeh
Sif Muna
Trog
Vehumet
Xom
Yredelemnul

Annotations:
D:3 omil's ghost, average FoVM


Innate Abilities, Weirdness & Mutations

Your natural rate of healing is unusually fast.
You have razor-sharp teeth.*
You have supernaturally acute eyesight.
You can survive without breathing.*


Message History

Aiming: Conjure Flame
Press: ? - help, Dir - move target cursor The fire roars!
* * * LOW HITPOINT WARNING * * *
You feel sick.
* * * LOW HITPOINT WARNING * * *
You feel sick.
* * * LOW HITPOINT WARNING * * *
You feel sick.
* * * LOW HITPOINT WARNING * * *
You feel very sick.
Omil's ghost is engulfed in roaring flames.
* * * LOW HITPOINT WARNING * * *
You feel sick.
You feel a little better.
Omil's ghost is engulfed in roaring flames.
Omil's ghost gestures at you while chanting.
The sting hits you!
You are more poisoned.
You die...

#...# #####...#
#...#...#
#.......###
#####.........####
#.....p...........
#p#########...##..
#ยง# ######.. #@#
#.. #.# ### #.#
#.### #...# #...#
###...# ###.....#
##### #.......#
#...# ###


You could see omil's ghost.

Vanquished Creatures
  2 worker ants (D:4)
  A hound skeleton (D:4)
  4 adders
  An inept item mimic (D:2)
  2 giant geckos (D:2)
  2 oozes (D:1)
  2 orcs (D:4)
  7 bats
  3 giant cockroaches
  7 hobgoblins
  9 kobolds
  A quokka (D:2)
  4 giant newts
  12 goblins
  A kobold skeleton (D:4)
  7 rats
65 creatures vanquished.

Notes
Turn   | Place    | Note
--------------------------------------------------------------
     0 | D:1      | PolkaDot, the Vampire Wizard, began the quest for the Orb.
     0 | D:1      | Reached XP level 1. HP: 11/11 MP: 6/6
     2 | D:1      | Noticed a giant goldfish
    44 | D:1      | Reached skill level 1 in Conjurations
   214 | D:1      | Reached XP level 2. HP: 17/17 MP: 1/8
   773 | D:2      | Reached XP level 3. HP: 16/22 MP: 10/10
  1425 | D:2      | Reached XP level 4. HP: 20/28 MP: 12/12
  1529 | D:3      | Learned a level 3 spell: Conjure Flame
  1533 | D:3      | Learned a level 3 spell: Mephitic Cloud
  1710 | D:4      | Found a staircase to the Ecumenical Temple.
  1716 | Temple   | Entered the Ecumenical Temple
  1719 | Temple   | Noticed a giant goldfish
  1725 | Temple   | Noticed a giant goldfish
  1726 | Temple   | Noticed a giant goldfish
  1748 | Temple   | Noticed a giant goldfish
  1762 | Temple   | Noticed a giant goldfish
  1799 | Temple   | Became a worshipper of Vehumet
  1956 | D:4      | Noticed a phantom
  2153 | D:4      | Reached XP level 5. HP: 33/33 MP: 6/13
  2199 | D:4      | Found an ancient bone altar of Kikubaaqudgha.
  2375 | D:3      | Found a sparkling altar of Nemelex Xobeh.
  2479 | D:3      | Noticed omil's ghost (average FoVM)
  2538 | D:3      | HP: 1/33 [poisoned by omil's ghost (sting)]
  2538 | D:3      | Killed from afar by omil's ghost

Action                   |  1- 3 |  4- 6 || total
-------------------------+-------+-------++-------
Melee: Unarmed           |    10 |       ||    10
       Short sword       |   158 |    62 ||   220
 Cast: Magic Dart        |    17 |    26 ||    43
       Mephitic Cloud    |       |     1 ||     1
       Conjure Flame     |       |     3 ||     3
  Use: Potion            |     1 |     3 ||     4
       Scroll            |       |     7 ||     7
 Stab: Sleeping          |     3 |     3 ||     6
       Confused          |       |     1 ||     1
